Match 46867432
Unlisted

Match 46867432
End
Construct Infanterie Kompanie
Selects Mechanized Battlegroup
Selects Mechanized Battlegroup
Pioneer Squad
MG 42 Machine Gun Team
GrW 34 Mortar Team
Grenadier Squad
Construct Panzergrenadier Kompanie
Panzergrenadier Squad
Pak 40 Anti-tank Gun Team
251 Medium Carrier
Selects Spotting Scopes
Panzergrenadier Squad
Panzergrenadier Officer Quarters
Selects Wespe Self-propelled Artillery
Wespe Self-propelled Artillery
Selects Raid Package
Reactive
elfen
Konrad Curze
FLOKL
波菜
Dream
Mad
화나?너못하자나
0
0

Comments sign in to comment!

No comments posted yet!